 Dungeon Crawl Stone Soup version 0.30-a0-172-gc5509c9e31 (webtiles) character file.

Game seed: 462498793158533371

100 qw the Chopper (level 4, -3/28 HPs)
             Began as a Gargoyle Fighter on Oct 1, 2022.
             Slain by an orc
             ... wielding a +0 mace
              (5 damage)
             ... on level 3 of the Dungeon.
             The game lasted 00:00:55 (1620 turns).

qw the Chopper (Gargoyle Fighter)                   Turns: 1620, Time: 00:00:56

Health: -3/28      AC: 10    Str: 21    XL:     4   Next: 74%
Magic:  4/4        EV:  9    Int:  9    God:
Gold:   172        SH:  4    Dex:  9    Spells: 3/3 levels left

rFire   . . .      SeeInvis .    Y - +0 war axe
rCold   . . .      Faith    .    c - +0 buckler
rNeg    + . .      Spirit   .    b - +0 scale mail
rPois   inf        Reflect  .    (no helmet)
rElec   +          Harm     .    (no cloak)
rCorr   .          Rampage  .    (no gloves)
Will    .....                    (no boots)
Stlth   ..........               (no amulet)
HPRegen 0.24/turn                (no ring)
MPRegen 0.09/turn                (no ring)

@: no status effects
A: sickness immunity, AC +3, negative energy resistance 1, electricity
resistance, torment resistance 1, petrification resistance
a: no special abilities


You were on level 3 of the Dungeon.
You visited 1 branch of the dungeon, and saw 3 of its levels.

You collected 172 gold pieces.


Innate Abilities, Weirdness & Mutations

You are immune to sickness and miasma.
Your stone body is resilient. (AC +3)
You are immune to poison.
You resist negative energy. (rN+)
You are resistant to electric shocks. (rElec)
You are resistant to unholy torment.
You are immune to petrification.


   Skills:
 - Level 3.2 Fighting
 + Level 4.3 Axes
 - Level 3.2 Armour
 - Level 3.2 Shields


You had 3 spell levels left.
You didn't know any spells.
Your spell library was empty.

Inventory:

Hand Weapons
 e - a +0 whip
 Y - a +0 war axe (weapon)
Armour
 b - a +0 scale mail (worn)
 c - a +0 buckler (worn)
Scrolls
 i - a scroll of identify
Potions
 d - a potion of might
 g - a potion of curing
 h - a potion of ambrosia {unknown}
 l - a potion of attraction {unknown}
 m - a potion of heal wounds {unknown}

Dungeon Overview and Level Annotations

Branches:
Dungeon (3/15)

Altars:
Cheibriados

Shops:
D:1 (


Message History

The orc priest invokes the aid of Beogh against you.
Pain shoots through your body! The orc barely misses you.
The orc priest hits you with a +0 hand axe.
You hit the orc priest but do no damage.
The orc priest is almost dead.
You closely miss the orc priest. You hit the orc but do no damage.
The orc hits you but does no damage.
The orc priest hits you with a +0 hand axe!
You slash the orc!
You kill the orc!
You slash the orc priest! You closely miss the orc.
The orc priest calls upon Beogh to heal the orc priest.
The orc priest is healed somewhat.
You hit the orc priest but do no damage.
The orc priest is heavily wounded.
You hit the orc.
The orc priest hits you with a +0 hand axe.
The orc priest invokes the aid of Beogh against you.
Pain shoots through your body! You block the orc's attack.
The orc priest calls down the wrath of Beogh upon you.
Pain shoots through your body!
You closely miss the orc priest.
The orc priest is heavily wounded.
You closely miss the orc. You hit the orc priest.
The orc hits you but does no damage.
The orc priest hits you but does no damage. x2
An orc priest comes into view. It is wielding a +0 club.
You barely miss the orc priest.
The orc priest is almost dead.
You closely miss the orc priest. You barely miss the orc.
The orc priest shouts!
The orc closely misses you.
The orc priest hits you but does no damage.
The orc priest closely misses you.
The orc priest looks braver for a moment.
You closely miss the orc priest.
The orc priest is almost dead.
You hit the orc. You barely miss the orc priest.
The orc hits you with a +0 mace.
You die...

~~.)+#...................###.####
~~~..#...................#.......
~~....%.#8###}###8#.......<......
~~~.....###########......##......
~~.~.....................''......
~~.......................##......
~~.......................##......
~~~...........!oo........##......
~~.~.#####.....o@........##......
..... #....o####+#######......
#..).. #...... #..... #.....
#####o #o


You could see 3 orc priests and an orc.

Vanquished Creatures
  4 adders
  A worm (D:2)
  2 dart slugs (D:2)
  An orc (D:3)
  4 endoplasms
  3 giant cockroaches
  4 goblins
  8 hobgoblins
  2 jackals (D:1)
  12 kobolds
  3 quokkas
  4 ball pythons
  3 bats
  A rat (D:2)
52 creatures vanquished.

Vanquished Creatures (others)
  A plant (D:1)
1 creature vanquished.

Grand Total: 53 creatures vanquished

Notes
Turn   | Place    | Note
-------+----------+-------------------------------------------
     0 | D:1      | qw the Gargoyle Fighter began the quest for the Orb.
     0 | D:1      | Reached XP level 1. HP: 14/14 MP: 1/1
     0 | D:1      | 0 ||| qw: Version: 0.2-a-13-gfc7b4b4
     0 | D:1      | 0 ||| qw: Game counter: 1801
     0 | D:1      | 0 ||| qw: Always use a shield: true
     0 | D:1      | 0 ||| qw: God list: Okawaru
     0 | D:1      | 0 ||| qw: Allow faded altars: false
     0 | D:1      | 0 ||| qw: Do Orc after D:15 true
     0 | D:1      | 0 ||| qw: Do second Lair branch before Depths: true
     0 | D:1      | 0 ||| qw: Lair rune preference: random
     0 | D:1      | 0 ||| qw: Plans: Normal, Zot:1-4, God:TSO, Crypt, Tomb,
                  | Pan, Slime:5, Hells, Abyss, Orb
     0 | D:1      | 0 ||| PLANNING D:1-11
    87 | D:1      | Reached skill level 2 in Axes
   178 | D:1      | 178 ||| Stepping ~*~*~tactically~*~*~ (stealth).
   182 | D:1      | 182 ||| Stepping ~*~*~tactically~*~*~ (stealth).
   184 | D:1      | 184 ||| Stepping ~*~*~tactically~*~*~ (stealth).
   187 | D:1      | Reached XP level 2. HP: 19/19 MP: 2/2
   251 | D:1      | Found Tore Midwy's Antique Weapon Emporium.
   398 | D:1      | 398 ||| Stepping ~*~*~tactically~*~*~ (stealth).
   401 | D:1      | 401 ||| Stepping ~*~*~tactically~*~*~ (stealth).
   402 | D:1      | 402 ||| Stepping ~*~*~tactically~*~*~ (stealth).
   403 | D:1      | 403 ||| Stepping ~*~*~tactically~*~*~ (stealth).
   421 | D:1      | 421 ||| Stepping ~*~*~tactically~*~*~ (stealth).
   567 | D:1      | Reached skill level 3 in Axes
   612 | D:1      | Reached XP level 3. HP: 23/23 MP: 3/3
   986 | D:1      | 986 ||| READING scroll labelled RYISHROWILE.
   987 | D:1      | 987 ||| READING scroll labelled DUADUKLACINT.
   988 | D:1      | 988 ||| READING 3 scrolls labelled DUIB OGGUNWIOT.
   989 | D:1      | 989 ||| READING scroll labelled ARROTRI UBAM.
   997 | D:1      | 997 ||| READING 2 scrolls of identify.
   997 | D:1      | 997 ||| IDENTIFYING orange potion
  1007 | D:2      | 1007 ||| STAIRDANCE
  1073 | D:2      | Reached XP level 4. HP: 28/28 MP: 4/4
  1190 | D:2      | Reached skill level 4 in Axes
  1252 | D:2      | 1252 ||| Stepping ~*~*~tactically~*~*~ (stealth).
  1254 | D:2      | 1254 ||| Stepping ~*~*~tactically~*~*~ (hiding).
  1273 | D:2      | 1273 ||| Stepping ~*~*~tactically~*~*~ (stealth).
  1274 | D:2      | 1274 ||| Stepping ~*~*~tactically~*~*~ (stealth).
  1481 | D:2      | 1481 ||| READING scroll labelled TANERO VOIJ.
  1482 | D:2      | 1482 ||| READING scroll labelled PELUOKL UNULYM.
  1483 | D:2      | 1483 ||| READING 2 scrolls labelled FELIAL KEANUK.
  1484 | D:2      | 1484 ||| READING scroll labelled DIUVOR TIYTEE.
  1485 | D:2      | 1485 ||| READING 2 scrolls of identify.
  1485 | D:2      | 1485 ||| IDENTIFYING pink potion
  1486 | D:2      | 1486 ||| DROPPING potion of brilliance.
  1487 | D:2      | 1487 ||| DROPPING scroll of amnesia.
  1525 | D:3      | Found a snail-covered altar of Cheibriados.
  1559 | D:3      | Found a faded altar of an unknown god.
  1601 | D:3      | 1601 ||| Stepping ~*~*~tactically~*~*~ (hiding).
  1603 | D:3      | 1603 ||| Stepping ~*~*~tactically~*~*~ (hiding).
  1617 | D:3      | HP: 6/28 [orc priest/nerve-wracking pain (2)]
  1617 | D:3      | HP: 1/28 [orc priest/nerve-wracking pain (5)]
  1620 | D:3      | Slain by an orc

Levels and vault maps discovered:
D:1:      spicycebolla_green_bress_n_ham, layout_loops_corners, serial_shops,
          shop, minmay_misc_feat_nine_boxes, serial_bayou_pond_b, st_stairs_5,
          minmay_hedge_maze, minmay_pentomino_o4
D:2:      layout_rooms
D:3:      layout_basic, cheibriados_altar_1, chequers_ecumenical_altar_island,
          corexii_hall_statues_i, serial_bayou_pond_d

Skill      XL: |  1  2  3  4 |
---------------+-------------+-----
Axes           | 2 3 4 |  4.3
Fighting       | |  3.2
Armour         | |  3.2
Shields        | |  3.2

Action                   |  1- 3 |  4- 6 || total
-------------------------+-------+-------++-------
Melee: War axe           |    93 |    70 ||   163
  Use: Scroll            |     5 |     5 ||    10
Armor: Scale mail        |    51 |    38 ||    89
Dodge: Dodged            |    43 |    23 ||    66
Block: Buckler           |    20 |    14 ||    34

Table legend:
 A = Non-vault XP
 B = Vault XP
 C = Vault XP percentage of total XP
 D = Non-vault monster count
 E = Vault monster count
 F = Vault count percentage of total count
                 A         B        C        D         E       F
            +---------+---------+-------+---------+---------+-------
      Total |     130 |      14 |   9.7 |      43 |       9 |  17.3
            +---------+---------+-------+---------+---------+-------
        D:1 |      32 |      14 |  30.4 |      18 |       9 |  33.3
        D:2 |      78 |       0 |   0.0 |      21 |       0 |   0.0
        D:3 |      20 |       0 |   0.0 |       4 |       0 |   0.0
            +---------+---------+-------+---------+---------+-------
